 Dungeon Crawl Stone Soup version 0.27.1-3-gb3d3a73c9e (webtiles) character file.

Game seed: 17536313190937607452

357 Eitelfritz the Slasher (level 6, -3/46 HPs)
             Began as a Demonspawn Gladiator on Oct 25, 2021.
             Killed by nerve-wracking pain
             ... invoked by an orc priest
              (11 damage)
             ... on level 4 of the Dungeon.
             The game lasted 00:04:58 (3386 turns).

Eitelfritz the Slasher (Demonspawn Gladiator)       Turns: 3386, Time: 00:04:59

Health: -3/46      AC:  5    Str: 17    XL:     6   Next: 37%
Magic:  6/6        EV: 12    Int:  9    God:
Gold:   150        SH:  4    Dex: 14    Spells: 5/5 levels left

rFire    . . .     SeeInvis .   a - +0 long sword
rCold    . . .     Faith    .   (no shield)
rNeg     . . .     Spirit   .   i - +0 ring mail
rPois    .         Reflect  .   (helmet restricted)
rElec    .         Harm     .   (no cloak)
rCorr    .         Rampage  .   (no gloves)
Will     .....                  (no boots)
Stlth    +.........             (no amulet)
HPRegen  0.15/turn              j - ring of flight
MPRegen  0.10/turn              (no ring)

@: mighty, flying
A: antennae 1, large bone plates 1, powered by pain 2
a: no special abilities


You were on level 4 of the Dungeon.
You visited 1 branch of the dungeon, and saw 4 of its levels.

You collected 150 gold pieces.

Inventory:

Hand Weapons
 a - a +0 long sword (weapon)
Missiles
 d - 2 throwing nets
 q - 2 javelins (quivered)
Armour
 g - a +0 chain mail
 i - a +0 ring mail (worn)
Jewellery
 j - a ring of flight (left hand)
Wands
 c - a wand of flame (15)
Scrolls
 h - 3 scrolls of identify {unknown}
 k - a scroll of magic mapping {unknown}
 l - a scroll of amnesia {unknown}
 m - a scroll of blinking {unknown}
 p - a scroll of teleportation {unknown}
Potions
 b - 3 potions of cancellation {unknown}
 e - 2 potions of curing {unknown}
 f - 2 potions of might {unknown}
 n - 2 potions of brilliance {unknown}
 o - a potion of ambrosia {unknown}


   Skills:
 + Level 2.7 Fighting
 + Level 4.7 Long Blades
 + Level 2.0 Throwing
 + Level 2.1 Armour
 + Level 3.3 Dodging
 + Level 1.4 Stealth
 + Level 1.3 Shields


You had 5 spell levels left.
You didn't know any spells.
Your spell library contained the following spells:

 Spells                   Type           Power      Damage    Failure   Level
 Foxfire                  Conj/Fire      0%         2x1d4     58%         1
 Ozocubu's Armour         Ice            0%         N/A       91%         3
 Monstrous Menagerie      Summ           0%         N/A       100%        7
 Ozocubu's Refrigeration  Ice            0%         4d5       100%        7
 Spellforged Servitor     Conj/Summ      0%         N/A       100%        7


Dungeon Overview and Level Annotations

Branches:
Dungeon (4/15)
 Temple: D:4-7

Altars:
Uskayaw

Shops:
D:2 (


Innate Abilities, Weirdness & Mutations

You have a pair of small antennae on your head.
You are partially covered in large bone plates. (SH +4)
You sometimes gain power by taking damage.


Message History

The adder is severely wounded.
The adder bites you.
You slash the adder!
You kill the adder!
An adder comes into view.
Items here: $ )) / [ †.
An orc priest comes into view. It is wielding a +0 mace.
The orc priest shouts!
A dart slug comes into view.
The orc priest looks satisfied for a moment.
A scorpion and an orc priest come into view.
The orc priest shouts!
The adder hisses angrily.
The orc priest mumbles some strange prayers to Beogh against you.
Beogh smites you!
You focus on the pain.
You feel very mighty all of a sudden. The adder bites you but does no damage.
The adder bites you but does no damage.
You closely miss the orc priest. The adder bites you.
The orc priest invokes the aid of Beogh against you.
Beogh smites you! The adder bites you but does no damage.
You block the orc priest's attack.
Your ring mail prevents you from hitting the orc priest.
You block the adder's attack. The orc priest closely misses you.
You riposte.
You slash the orc priest!
The orc priest is heavily wounded.
The orc priest calls upon Beogh to heal the orc priest.
The orc priest is healed somewhat.
You hit the orc priest.
The orc priest is moderately wounded.
You block the adder's attack.
The orc priest hits you with a +0 short sword.
* * * LOW HITPOINT WARNING * * *
The orc priest hits you with a +0 mace.
* * * LOW HITPOINT WARNING * * *
The adder bites you but does no damage. The adder closely misses you.
The adder bites you but does no damage.
The orc priest calls down the wrath of Beogh upon you.
Pain shoots through your body!
You die...

#.. #.# #.. #.#
.. #..##.# #.#
.....# #.# #...#
#.# #...# #.#
#.ws###.####.#
#.ooS........###
#....@...##
#.###. ##.####..#
#.<#. #. ##).#
#...# #.
#...######...# #.
#.#..........# #.
#.########.#.####
#.
#.#######.......#
#.........#.###.#
#########...###.#


You could see a scorpion, 2 orc priests, an adder and a dart slug.

Vanquished Creatures
  Sigmund (D:2)
  A jelly (D:4)
  Jessica (D:2)
  6 adders
  2 worms (D:3)
  4 dart slugs
  2 orcs
  8 ball pythons
  4 bats
  7 endoplasms
  3 giant cockroaches
  11 goblins
  6 hobgoblins
  3 jackals (D:1)
  2 quokkas
  3 frilled lizards
  2 kobolds
  3 rats
  A spectral kobold (D:2)
70 creatures vanquished.

Notes
Turn   | Place    | Note
-------+----------+-------------------------------------------
     0 | D:1      | Eitelfritz the Demonspawn Gladiator began the quest for the
                  | Orb.
     0 | D:1      | Reached XP level 1. HP: 16/16 MP: 1/1
   267 | D:1      | Got Lalluwn's Collected Works on the Entourage and Flames
   274 | D:1      | Gained mutation: You are partially covered in large bone
                  | plates. (SH +4) [demonic ancestry]
   274 | D:1      | Reached XP level 2. HP: 21/22 MP: 2/2
   731 | D:1      | Reached skill level 3 in Long Blades
  1042 | D:2      | Reached skill level 1 in Stealth
  1042 | D:2      | Reached XP level 3. HP: 27/27 MP: 3/3
  1065 | D:2      | Found a hide-covered altar of Uskayaw.
  1374 | D:2      | Found a faded altar of an unknown god.
  1430 | D:2      | Noticed Jessica
  1439 | D:2      | Killed Jessica
  1440 | D:2      | Gained mutation: You sometimes gain a little power by
                  | taking damage. [demonic ancestry]
  1440 | D:2      | Reached XP level 4. HP: 29/33 MP: 4/4
  1682 | D:2      | Reached skill level 1 in Armour
  1879 | D:2      | Found Neefick's Weapon Boutique.
  2045 | D:2      | Reached skill level 1 in Shields
  2580 | D:2      | Noticed Sigmund
  2594 | D:2      | Killed Sigmund
  2595 | D:2      | Reached skill level 4 in Long Blades
  2595 | D:2      | Gained mutation: You have a pair of small antennae on your
                  | head. [demonic ancestry]
  2595 | D:2      | Reached XP level 5. HP: 35/39 MP: 5/5
  2595 | D:2      | Gained mutation: You sometimes gain power by taking damage.
                  | [demonic ancestry]
  2595 | D:2      | Reached XP level 6. HP: 41/46 MP: 6/6
  3386 | D:4      | Killed from afar by an orc priest

Illustrated notes

Levels and vault maps discovered:
D:1:      amcnicky_arrival_double_pillar, layout_loops_cross, roderic_lattice_a
D:2:      layout_basic, basic_altar, serial_shops, nicolae_square_shop,
          dreamdust_ecumenical_altar_drowned_temple, uniq_jessica, uniq_sigmund
D:3:      layout_rooms, kennysheep_generic_room_7
D:4:      layout_loops_ring, nicolae_overflow_crystal_walls, serial_shops,
          shop_fountains, columned_hall_lemuel, uniq_menkaure

Skill      XL: |  1  2  3  4 |
---------------+-------------+-----
Throwing       | 2 |  2.0
Dodging        | 3 |  3.3
Long Blades    | 3 4 |  4.7
Stealth        | 1 |  1.4
Armour         | 2 |  2.1
Shields        | 1 |  1.3
Fighting       | |  2.7

Action                   |  1- 3 |  4- 6 || total
-------------------------+-------+-------++-------
Melee: Long sword        |    77 |   142 ||   219
Throw: Throwing net      |       |     2 ||     2
 Stab: Sleeping          |     3 |       ||     3
Armor: Leather armour    |     6 |       ||     6
       Ring mail         |    15 |    49 ||    64
Dodge: Dodged            |    40 |    85 ||   125
Block: Other             |    13 |    23 ||    36
       Rpst.: Long sword |    18 |    28 ||    46
